 Dungeon Crawl Stone Soup version 0.14-a0-2071-g7172c92 (webtiles) character file.

1113 Mitsuki the Ducker (level 7, -3/56 HPs)
             Began as a Demigod Skald on Jan 23, 2014.
             Slain by an orc warrior
             ... wielding a -1,+0 orcish short sword
              (19 damage)
             ... on Level 5 of the Dungeon.
             The game lasted 00:28:30 (5951 turns).

Mitsuki the Ducker (Demigod Skald)                  Turns: 5951, Time: 00:28:30

HP  -3/56        AC  8     Str 17      XL: 7   Next: 51%
MP  19/27        EV 12     Int 17      God:
Gold 205         SH  0     Dex 19      Spells:  4 memorised,  3 levels left

rFire  . . .     SeeInvis +     a - +0 hand axe
rCold  . . .     Clarity  .     e - +0 ring mail
rNeg   + . .     Conserve .     (no shield)
rPois  .         rCorr    .     (no helmet)
rElec  .         rRot     .     (no cloak)
SustAb . .       Spirit   .     (no gloves)
rMut   .         Warding  .     b - +1 pair of orc boots
Saprov . . .     Stasis   .     m - amulet of Unewnios {+Rage rN+ MR++ Dex+3 Int-1 SInv}
MR     +++..                    (no ring)
                                s - ring of magical power

@: regenerating, extremely resistant to hostile enchantments, very unstealthy
A: no striking features
a: Stop Singing, Evoke Berserk Rage


You were on level 5 of the Dungeon.
You were not hungry.

You visited 2 branches of the dungeon, and saw 6 of its levels.
You also visited: Sewer.

You collected 205 gold pieces.

Inventory:

Hand weapons
 a - a +0,+0 hand axe (weapon)
Armour
 b - a +1 pair of orcish boots (worn)
 e - a +0 ring mail (worn)
Magical devices
 r - a wand of digging (8)
 u - a wand of disintegration (13) {unknown}
Comestibles
 d - a bread ration
 w - a rotting chunk of adder flesh
 x - 2 rotting chunks of orc flesh
 z - 2 rotting chunks of hobgoblin flesh
Scrolls
 h - a scroll of fear
 k - a scroll of remove curse
 n - a scroll of blinking
 o - 3 scrolls of identify
Jewellery
 m - the amulet of Unewnios (around neck) {+Rage rN+ MR++ Dex+3 Int-1 SInv}
   (You found it on level 4 of the Dungeon)

   [amulet of rage]

   It affects your intelligence (-1).
   It affects your dexterity (+3).
   It protects you from negative energy.
   It affects your resistance to hostile enchantments.
   It enhances your eyesight.
 s - a ring of magical power (left hand)
Potions
 i - a potion of flight {unknown}
 p - a potion of poison {unknown}
 t - a potion of degeneration {unknown}
 A - a potion of brilliance
Books
 c - a book of Battle

   Spells                             Type                      Level
   *Infusion                          Charms                       1
   *Shroud of Golubria                Charms/Translocation         2
   *Song of Slaying                   Charms                       2
   Spectral Weapon                    Hexes/Charms                 3
   *Regeneration                      Charms/Necromancy            3


   Skills:
 + Level 2.7 Fighting
 + Level 3.7 Axes
 + Level 3.9 Armour
 + Level 4.4 Dodging
 + Level 2.9 Spellcasting
 + Level 3.6 Charms
 + Level 0.6 Translocations


You had 3 spell levels left.
You knew the following spells:

 Your Spells              Type           Power        Failure   Level  Hunger
a - Infusion              Chrm           ##....       6%          1    #......
b - Song of Slaying       Chrm           ##......     10%         2    ##.....
c - Regeneration          Chrm/Necr      #.........   28%         3    ###....
d - Shroud of Golubria    Chrm/Tloc      #.........   14%         2    ##.....


Dungeon Overview and Level Annotations

Branches:
Dungeon (5/16)             Temple (1/1) D:4

Shops:
D:5 }

Annotations:
D:2 Sigmund


Message History

Confirm with . or Enter, or press ? or * to list all spells.
Your skin crawls.
Your skin is crawling a little less now.
The orc warrior hits you with an orcish short sword!
Casting: Regeneration
Confirm with . or Enter, or press ? or * to list all spells.
Space distorts slightly along a thin shroud covering your body.
The orc warrior hits you but does no damage.
You hit the orc warrior but do no damage.
The orc warrior hits you with an orcish short sword!
* * * LOW HITPOINT WARNING * * *
Your shroud falls apart!
Your skin stops crawling.
Drink which item? (? for menu, Esc to quit)
You feel better. The orc warrior misses you.
Casting: Shroud of Golubria
Confirm with . or Enter, or press ? or * to list all spells.
Your skin crawls.
The orc warrior hits you with an orcish short sword!
You die...

... #... #.# #.. #.##
##### #)# ...#
####...# #.#### ...#
#......# #....# ...#
#......# #....#
..#####...######o...#
..............##o####
#.#########...##@#
#...#### #...##.#
#......# ##...#.#
.......# #...#.#
...#...# #...#.##
...##### ##.#...#
#### #.#...# #.#...#
#.##.###


You could see an orc warrior and an orc.

Vanquished Creatures
  An ogre (D:5)
  2 giant frogs (Sewer)
  2 crimson imps (D:5)
  A hound (D:5)
  An iguana (D:4)
  An orc priest (D:5)
  2 orc wizards (D:5)
  A worker ant (D:4)
  12 adders
  12 giant mites
  A worm (D:4)
  A giant eyeball (D:4)
  14 giant geckos
  3 oozes
  8 orcs
  11 ball pythons
  16 giant cockroaches
  10 hobgoblins
  2 quokkas
  3 bats
  15 giant newts
  13 goblins
  A jackal skeleton (D:4)
  9 kobolds
  2 kobold skeletons
  An orc skeleton (D:4)
  11 rats
  3 ballistomycetes (D:5)
159 creatures vanquished.

Vanquished Creatures (others)
  A giant spore (D:5)
1 creature vanquished.

Grand Total: 160 creatures vanquished

Notes
Turn   | Place    | Note
--------------------------------------------------------------
     0 | D:1      | Mitsuki, the Demigod Skald, began the quest for the Orb.
     0 | D:1      | Reached XP level 1. HP: 17/17 MP: 3/3
    24 | D:1      | Reached skill level 1 in Armour
   181 | D:1      | Reached skill level 3 in Charms
   181 | D:1      | Reached XP level 2. HP: 8/24 MP: 4/4
   548 | D:1      | Reached skill level 1 in Dodging
   680 | D:1      | Learned a level 2 spell: Song of Slaying
   947 | D:1      | Reached XP level 3. HP: 29/29 MP: 7/7
  1227 | D:2      | Noticed Sigmund
  1565 | D:3      | Found a glowing drain.
  1626 | D:3      | Reached XP level 4. HP: 31/36 MP: 9/9
  1801 | Sewer    | Entered a sewer
  2275 | Sewer    | Reached XP level 5. HP: 39/41 MP: 12/12
  2285 | Sewer    | Learned a level 3 spell: Regeneration
  2980 | Sewer    | Reached XP level 6. HP: 24/49 MP: 3/14
  3630 | D:4      | Paralysed by a giant eyeball for 3 turns
  3636 | D:4      | Paralysed by a giant eyeball for 3 turns
  3642 | D:4      | Paralysed by a giant eyeball for 3 turns
  3749 | D:4      | Found a staircase to the Ecumenical Temple.
  3763 | D:4      | Got a smoking steel amulet
  3784 | Temple   | Entered the Ecumenical Temple
  4141 | D:4      | Found a snail-covered altar of Cheibriados.
  4622 | D:5      | Entered Level 5 of the Dungeon
  4630 | D:4      | Learned a level 2 spell: Shroud of Golubria
  4787 | D:5      | Found a shadowy altar of Dithmengos.
  4925 | D:5      | Reached skill level 4 in Dodging
  4925 | D:5      | Reached XP level 7. HP: 10/56 MP: 17/17
  5570 | D:5      | Found Appiklad's Gadget Boutique.
  5792 | D:5      | Identified the amulet of Unewnios {+Rage rN+ MR++ Dex+3 Int-1 SInv} (You found it on level 4 of the Dungeon)
  5944 | D:5      | HP: 2/56 [orc warrior/orcish short sword (21)]
  5951 | D:5      | Slain by an orc warrior

Action                   |  1- 3 |  4- 6 |  7- 9 || total
-------------------------+-------+-------+-------++-------
Melee: Hand axe          |   168 |   472 |   129 ||   769
 Cast: Song of Slaying   |     2 |     4 |     1 ||     7
       Regeneration      |       |    10 |    11 ||    21
       Infusion          |       |     1 |     2 ||     3
       Shroud of Golubri |       |     2 |     6 ||     8
Evoke: Wand              |       |     1 |       ||     1
  Use: Potion            |     1 |     5 |     1 ||     7
       Scroll            |       |     1 |    10 ||    11
